 Dungeon Sprint DCSS version 0.19.1 (webtiles) character file.

1293 equalderp2856 the Ripper (level 8, 0/36 HPs)
             Began as a Felid Fighter on Dec 2, 2016.
             Was a Priest of Hepliaklqana.
             Killed from afar by a rime drake (17 damage)
             ... with a flash freeze
             ... in the Dungeon (Sprint IX: "|||||||||||||||||||||||||||||").
             The game lasted 00:04:22 (1319 turns).

equalderp2856 the Ripper (Felid Fighter)            Turns: 1319, Time: 00:04:24

Health: 0/36       AC:  2    Str: 13    XL:     8   Next: 30%
Magic:  9/9        EV: 28    Int: 12    God:    Hepliaklqana [***...]
Gold:   7          SH:  0    Dex: 20    Spells: 0 memorised, 7 levels left
                                        Lives:  0   Deaths: 2

rFire  . . .     SeeInvis +       - Unarmed
rCold  . . .     Gourm    .     (armour unavailable)
rNeg   . . .     Faith    .     (shield unavailable)
rPois  .         Spirit   .     (helmet unavailable)
rElec  .         Reflect  .     (cloak unavailable)
rCorr  .         Harm     .     (gloves unavailable)
MR     +....     NoTele   +     (boots unavailable)
Stlth  ++++......               (no amulet)
                                n - +3 ring of intelligence
                                m - +3 ring of dexterity

@: quick
A: no armour, no weapons or thrown items, stealth, reduced essence, claws 1,
fangs 3, see invisible, carnivore 3, speed 1, shaggy fur 2, slow metabolism 1,
sharp paws
a: Ancestor Life: Knight, Ancestor Life: Battlemage, Ancestor Life: Hexer,
Recall Ancestor, Ancestor Identity, Transference, Renounce Religion


You were in the Dungeon.
You worshipped Hepliaklqana.
Hepliaklqana was most pleased with you.
You were not hungry.

You visited 1 branch You collected 7 gold pieces.

Inventory:

Jewellery
 m - a +3 ring of dexterity (left paw)
 n - a +3 ring of intelligence (right paw)
Wands
 l - a wand of acid (7/15)
Scrolls
 h - 2 scrolls of blinking
 j - 3 scrolls of remove curse
 k - 2 scrolls of amnesia
Potions
 a - a potion of might
 c - a potion of invisibility
 e - a potion of haste
 f - 4 potions of magic
 g - a potion of berserk rage
 i - a potion of curing
Comestibles
 b - 13 meat rations


   Skills:
 + Level 7.8 Fighting
 + Level 11.4 Dodging
 + Level 5.9 Stealth
 + Level 15.9 Unarmed Combat


You had 7 spell levels left.
You didn't know any spells.

Dungeon Overview and Level Annotations

Branches:
Dungeon (1/1)

Altars:
Cheibriados
Dithmenos
Elyvilon
Fedhas
Gozag
Hepliaklqana
Kikubaaqudgha
Makhleb
Nemelex Xobeh
Okawaru
Qazlal
Ru
Sif Muna
Trog
Uskayaw
Vehumet
Xom
Yredelemnul
Zin
The Shining One
Beogh
Jiyva
Lugonu


Innate Abilities, Weirdness & Mutations

You cannot wear armour.
You are incapable of wielding weapons or throwing items.
Your paws allow you to move quietly. (Stealth)
You have sharp claws.
You have razor-sharp teeth.
You have supernaturally acute eyesight. (SInv)
You are carnivorous and can eat meat at any time.
You cover ground quickly.
You are covered in thick fur. (AC +2)
You have a slow metabolism.
Your sharp claws are effective at attacking unaware monsters.
Your life essence is reduced. (-10% HP)


Message History

You scratch the rime drake.
The rime drake is heavily wounded.
The rime drake misses you.
You closely miss the rime drake.
The rime drake is heavily wounded.
The ice encasing you melts away. The rime drake bites you!
You barely miss the rime drake. Your claw misses the rime drake.
The rime drake is heavily wounded.
The rime drake misses you.
You scratch the rime drake but do no damage.
You claw the rime drake, but do no damage.
Your bite misses the rime drake.
The rime drake is heavily wounded.
You claw the rime drake!
You bite the rime drake, but do no damage.
The rime drake is almost dead.
The rime drake breathes ice at you. The flash freeze hits you!
You die...

▓.▓.▓
▓[▓
▓.▓.▓
▓[▓
▓.▓.▓
▓[▓
▓.▓.▓
▓)▓
▓.▓.▓
▓|▓
▓.▓.▓
▓.▓
▓.▓.▓
▓.▓
▓R▓R▓
▓'▓
▓.▓@▓
▓.▓
▓.▓k▓
▓_▓
▓.▓r▓
▓_▓
▓.▓F▓
▓_▓
▓.▓H▓
▓_▓
▓.▓F▓
▓_▓
▓.▓S▓
▓_▓
▓.▓F▓
▓_▓
▓.▓
▓_▓


You could see the friendly Khabaw the ancestor, a hippogriff, a spiny frog, a
rime drake, a water moccasin, 2 bullfrogs and a porcupine.

Vanquished Creatures
  A hill giant (D)
  A hippogriff (D)
  3 wargs (D)
  A hell hound (D)
  A porcupine (D)
  A sky beast (D)
  An ice beast (D)
  4 wolves (D)
  A centaur (D)
  A bullfrog (D)
  A crimson imp (D)
  A worker ant (D)
  An adder (D)
  An adder zombie (D)
  A leopard gecko (D)
  An orc (D)
  A bat skeleton (D)
  A goblin (D)
  A kobold (D)
  A bat (D)
  2 rats (D)
27 creatures vanquished.

Vanquished Creatures (collateral kills)
  A bat skeleton (D)
1 creature vanquished.

Vanquished Creatures (others)
  A spatial maelstrom (D)
  2 ancestors (D)
3 creatures vanquished.

Grand Total: 31 creatures vanquished

Notes
Turn   | Place    | Note
-------+----------+-------------------------------------------
     0 | D        | equalderp2856 the Felid Fighter began the quest for the Orb.
     0 | D        | Reached XP level 1. HP: 10/10 MP: 2/2
     9 | D        | Banished a spatial maelstrom
   172 | D        | Noticed a worker ant
   172 | D        | Noticed a crimson imp
   174 | D        | Reached skill level 5 in Unarmed Combat
   174 | D        | Reached XP level 2. HP: 14/14 MP: 3/3
   186 | D        | Killed a crimson imp
   186 | D        | Reached skill level 5 in Dodging
   186 | D        | Reached skill level 1 in Stealth
   186 | D        | Reached skill level 7 in Unarmed Combat
   186 | D        | Reached XP level 3. HP: 12/18 MP: 4/4
   194 | D        | Reached XP level 4. HP: 8/22 MP: 5/5
   354 | D        | Found a roughly hewn altar of Beogh.
   354 | D        | Found a snail-covered altar of Cheibriados.
   354 | D        | Found a shadowy altar of Dithmenos.
   354 | D        | Found a white marble altar of Elyvilon.
   354 | D        | Found a blossoming altar of Fedhas.
   354 | D        | Found an opulent altar of Gozag.
   355 | D        | Found a hazy altar of Hepliaklqana.
   356 | D        | Found a viscous altar of Jiyva.
   357 | D        | Found an ancient bone altar of Kikubaaqudgha.
   358 | D        | Found a corrupted altar of Lugonu.
   359 | D        | Found a burning altar of Makhleb.
   360 | D        | Found a sparkling altar of Nemelex Xobeh.
   361 | D        | Found an iron altar of Okawaru.
   362 | D        | Found a stormy altar of Qazlal.
   363 | D        | Found a sacrificial altar of Ru.
   364 | D        | Found a deep blue altar of Sif Muna.
   365 | D        | Found a bloodstained altar of Trog.
   366 | D        | Found a hide-covered altar of Uskayaw.
   367 | D        | Found a radiant altar of Vehumet.
   368 | D        | Found a shimmering altar of Xom.
   417 | D        | Became a worshipper of Hepliaklqana the Forgotten
   426 | D        | Found a basalt altar of Yredelemnul.
   427 | D        | Found a glowing silver altar of Zin.
   428 | D        | Found a glowing golden altar of the Shining One.
   455 | D        | Noticed a bullfrog
   455 | D        | Noticed an ice beast
   455 | D        | Noticed a centaur
   455 | D        | Noticed a sky beast
   462 | D        | Killed a sky beast
   462 | D        | Reached skill level 5 in Fighting
   462 | D        | Reached skill level 9 in Unarmed Combat
   462 | D        | Reached XP level 5. HP: 23/23 MP: 6/6
   467 | D        | Killed a centaur
   467 | D        | Reached skill level 10 in Unarmed Combat
   476 | D        | Killed an ice beast
   476 | D        | Reached skill level 11 in Unarmed Combat
   476 | D        | Gained mutation: You are covered in thick fur. (AC +2) [Felid growth]
   476 | D        | Reached XP level 6. HP: 27/27 MP: 7/7
   568 | D        | Reached * piety under Hepliaklqana
   568 | D        | Noticed a centaur warrior
   568 | D        | Noticed a red ugly thing
   568 | D        | Noticed a hill giant
   576 | D        | Killed a hill giant
   576 | D        | Reached skill level 10 in Dodging
   576 | D        | Reached skill level 13 in Unarmed Combat
   576 | D        | Reached XP level 7. HP: 32/32 MP: 8/8
   578 | D        | HP: 1/32 [red ugly thing (19)]
   585 | D        | HP: 1/32 [red ugly thing (16)]
   585 | D        | Demolished by a red ugly thing
   586 | D        | Reached XP level 6. HP: -16/29 MP: 7/7
   601 | D        | Slain by a centaur warrior
   602 | D        | Reached XP level 5. HP: -1/25 MP: 6/6
   624 | D        | Reached ** piety under Hepliaklqana
   624 | D        | Noticed a hell hound
   624 | D        | Noticed a wolf
   624 | D        | Noticed a wolf
   624 | D        | Noticed a warg
   625 | D        | Noticed a warg
   631 | D        | Killed a hell hound
   631 | D        | Reached XP level 6. HP: 16/29 MP: 7/7
   703 | D        | Reached *** piety under Hepliaklqana
   944 | D        | Reached skill level 14 in Unarmed Combat
   948 | D        | Killed a warg
   948 | D        | Reached skill level 5 in Stealth
   948 | D        | Reached XP level 7. HP: 19/32 MP: 8/8
  1150 | D        | Reached skill level 15 in Unarmed Combat
  1306 | D        | Noticed a hippogriff
  1306 | D        | Noticed a rime drake
  1306 | D        | Noticed a spiny frog
  1306 | D        | Noticed a hippogriff
  1309 | D        | Reached XP level 8. HP: 36/36 MP: 9/9
  1312 | D        | Killed a hippogriff
  1319 | D        | Killed from afar by a rime drake

Skill      XL: |  1  2  3  4  5  6  7 |
---------------+----------------------+-----
Unarmed Combat | 5 7 9 11 14 15 | 15.9
Fighting       | 4 5 6 7 |  7.8
Dodging        | 5 7 8 10 11 | 11.4
Stealth        | 1 2 3 5 |  5.9

Action                   |  1- 3 |  4- 6 |  7- 9 || total
-------------------------+-------+-------+-------++-------
Melee: Unarmed           |    33 |    51 |    43 ||   127
       Bite              |     4 |     5 |     6 ||    15
       Punch             |       |     7 |     4 ||    11
  Use: Potion            |     1 |     4 |     2 ||     7
 Stab: Sleeping          |     1 |       |       ||     1
  Eat: Chunk             |       |     2 |       ||     2
Armor: Skin              |     1 |       |       ||     1
Dodge: Dodged            |    18 |    39 |    38 ||    95
